 Dungeon Crawl Stone Soup version 0.25-a0-283-ge7e91ba8d0 (webtiles) character file.

Game seed: 2696271120792792694, levelgen mode: deterministic

890 D1HalberdGnoll the Covert (level 7, -5/43 HPs)
             Began as a Vampire Assassin on Dec 11, 2019.
             Splashed by a jelly's acid (7 damage)
             ... on level 5 of the Dungeon.
             The game lasted 00:06:03 (3956 turns).

D1HalberdGnoll the Covert (Vampire Assassin)        Turns: 3956, Time: 00:06:04

Health: -5/43      AC: -2    Str: 12    XL:     7   Next: 77%
Magic:  7/7        EV: 12    Int: 13    God:
Gold:   277        SH:  0    Dex: 16    Spells: 6/6 levels left

rFire    . . .     SeeInvis +   a - +2 dagger
rCold    + + .     Gourm    .   (no shield)
rNeg     + + +     Faith    .   i - +0 ring mail
rPois    ∞         Spirit   .   (no helmet)
rElec    .         Reflect  .   c - +0 cloak
rCorr    .         Harm     .   (no gloves)
MR       .....                  (no boots)
Stlth    ++++++....             (no amulet)
HPRegen  0.00/turn              (no ring)
MPRegen  0.10/turn              (no ring)

@: corroded, bloodless
A: no food, fangs 3, see invisible, unbreathing
a: Bat Form, Revivify


You were on level 5 of the Dungeon.
You were bloodless.

You visited 1 branch of the dungeon, and saw 5 of its levels.

You collected 277 gold pieces.

Inventory:

Hand Weapons
 a - a +2 dagger (weapon)
Missiles
 d - 48 poisoned darts (quivered)
 e - 2 curare-tipped darts
Armour
 c - a +0 cloak (worn)
 i - a +0 ring mail (worn)
Jewellery
 m - an uncursed ring of protection from magic {unknown}
 x - an uncursed ring of protection from cold {unknown}
Wands
 p - a wand of random effects (4)
 t - a wand of polymorph (7)
 v - a wand of scattershot (5)
Scrolls
 b - 3 scrolls of enchant weapon {unknown}
 f - 3 scrolls of remove curse {unknown}
 h - 2 scrolls of enchant armour {unknown}
 j - 4 scrolls of magic mapping {unknown}
 o - 2 scrolls of random uselessness {unknown}
 q - 2 scrolls of teleportation {unknown}
 r - a scroll of identify {unknown}
 u - a scroll of fear {unknown}
Potions
 g - 2 potions of haste {unknown}
 k - a potion of agility {unknown}
 l - 2 potions of curing {unknown}
 n - a potion of magic
 s - a potion of ambrosia {unknown}
 w - a potion of mutation {unknown}


   Skills:
 + Level 4.0 Fighting
 + Level 4.9 Short Blades
 - Level 1.5 Throwing
 + Level 3.9 Dodging
 * Level 10.6 Stealth


You had 6 spell levels left.
You didn't know any spells.
Your spell library contained the following spells:

 Spells                   Type           Power        Failure   Level  Hunger
 Summon Small Mammal      Summ           #...         56%         1    N/A
 Call Imp                 Summ           #.......     71%         2    N/A
 Call Canine Familiar     Summ           #.......     91%         3    N/A
 Summon Guardian Golem    Hex/Summ       #.......     91%         3    N/A
 Summon Ice Beast         Ice/Summ       #.......     100%        4    N/A
 Summon Lightning Spire   Summ/Air       #.......     100%        4    N/A

Dungeon Overview and Level Annotations

Branches:
Dungeon (5/15)
 Temple: D:4-7

Altars:
Trog
Zin

Shops:
D:5 *

Annotations:
D:5 1 runed translucent door, Essalna's ghost, novice MfIE


Innate Abilities, Weirdness & Mutations

You do not eat.
You do not regenerate when monsters are visible.
You are frail without blood (-20% HP).
You can heal yourself when you bite living creatures.
You are immune to poison.
You have razor-sharp teeth.
You have supernaturally acute eyesight. (SInv)
You can survive without breathing.


Message History

You're too confused to move!
The jelly hits you but does no damage.
Throwing (i - inventory. (/) - cycle)
d - 49 poisoned darts (quivered)
Press: ? - help, Shift-Dir - straight line, f/p - jelly
Aim: a jelly (heavily wounded)
You throw a poisoned dart. The jelly barely misses you.
You're too confused to move!
You feel less confused. The jelly closely misses you.
You hit the jelly.
Your hands burn!
The jelly is heavily wounded.
The jelly hits you.
* * * LOW HITPOINT WARNING * * *
You are splashed with acid!
* * * LOW HITPOINT WARNING * * *
Okay, then.
Okay, then.
It was a potion of magic.
Magic courses through your body. The jelly hits you.
* * * LOW HITPOINT WARNING * * *
The acid corrodes you!
You are splashed with acid!
You die...

.# #...∩.._ #...........#....<.
.. #......###.........###..###.
#.....#..........##...##..
#.#.......#....###......##..
######......####....####.##.###..
#...####......##.(............÷..
.....##..#......o##.###.....###..
........###....oJ##.##..###.# #..
<.....#.....##..@......## #.# #.#
...............>......## #.# #.#
................>......####.###.#
.................................
.............................##..
#######...................#..#...
≈≈≈≈≈≈#..............##......#
.....≈#........................
≈..≈.≈#.........)...##..........


You could see a jelly, an orc wizard (invisible) and an orc.

Vanquished Creatures
  Sigmund (D:4)
  2 ogres
  A crimson imp (D:5)
  A bullfrog zombie (D:5)
  3 hounds
  An orc priest (D:4)
  2 orc wizards (D:4)
  An iguana (D:4)
  Ijyb (D:3)
  Terence (D:3)
  3 worker ants (D:4)
  6 adders
  A shadow imp (D:4)
  3 oozes
  3 adder skeletons
  A dart slug (D:1)
  4 worms
  5 leopard geckos
  7 orcs
  A giant cockroach (D:1)
  6 goblins
  3 hobgoblins (D:1)
  7 jackals
  3 quokkas
  3 ball pythons
  9 bats
  7 frilled lizards
  7 kobolds
  6 rats
99 creatures vanquished.

Notes
Turn   | Place    | Note
-------+----------+-------------------------------------------
     0 | D:1      | D1HalberdGnoll the Vampire Assassin began the quest for the
                  | Orb.
     0 | D:1      | Reached XP level 1. HP: 16/16 MP: 1/1
    29 | D:1      | Reached skill level 6 in Stealth
    67 | D:1      | Reached XP level 2. HP: 17/17 MP: 2/2
   509 | D:1      | Reached XP level 3. HP: 21/21 MP: 3/3
   986 | D:2      | Reached skill level 7 in Stealth
  1127 | D:2      | Found a bloodstained altar of Trog.
  1448 | D:2      | Reached XP level 4. HP: 27/27 MP: 4/4
  1718 | D:3      | Noticed Ijyb
  1721 | D:3      | Found a faded altar of an unknown god.
  1725 | D:3      | Killed Ijyb
  1727 | D:3      | Noticed Terence
  1753 | D:3      | Killed Terence
  1753 | D:3      | Reached XP level 5. HP: 20/31 MP: 5/5
  1932 | D:3      | Reached skill level 8 in Stealth
  2094 | D:4      | Noticed Sigmund
  2112 | D:4      | Killed Sigmund
  2112 | D:4      | Reached XP level 6. HP: 26/37 MP: 6/6
  2271 | D:4      | Reached skill level 9 in Stealth
  2872 | D:4      | Reached XP level 7. HP: 41/41 MP: 7/7
  3088 | D:5      | Entered Level 5 of the Dungeon
  3119 | D:4      | Reached skill level 10 in Stealth
  3686 | D:5      | Found a runed translucent door.
  3689 | D:5      | Noticed Essalna's ghost (novice MfIE)
  3884 | D:5      | Found Zin's Purification Station.
  3885 | D:5      | Found a glowing silver altar of Zin.
  3956 | D:5      | HP: 2/43 [jelly (2)]
  3956 | D:5      | Splashed by a jelly's acid

Levels and vault maps discovered:
D:1:      onia_arrival_handbag, layout_basic, minmay_pentomino_v4
D:2:      layout_basic, trog_book
D:3:      layout_rooms, chequers_ecumenical_altar_simple_redux,
          columned_hall_lemuel, lemuel_old_faithful, uniq_ijyb, uniq_terence
D:4:      layout_loops_ring, first_ration, uniq_sigmund
D:5:      layout_rooms, zin_purify, gup_sewer_entry_pipe,
          ebering_ghost_reflecting_pool, interstate_on_off, kennysheep_dice

Skill      XL: |  1  2  3  4  5  6  7 |
---------------+----------------------+-----
Stealth        | 6 7 8 9 10 | 10.6
Fighting       | 2 3 4 |  4.0
Short Blades   | 3 4 |  4.9
Dodging        | 2 3 |  3.9
Throwing       | |  1.5

Action                   |  1- 3 |  4- 6 |  7- 9 || total
-------------------------+-------+-------+-------++-------
Melee: Dagger            |   102 |   110 |   138 ||   350
       Bite              |     8 |    12 |    14 ||    34
Throw: Dart              |       |    10 |     9 ||    19
 Abil: Exsanguinate      |     1 |       |       ||     1
Evoke: Wand              |       |     2 |     1 ||     3
  Use: Potion            |       |       |     1 ||     1
 Stab: Sleeping          |    28 |    10 |     6 ||    44
       Distracted        |       |       |     1 ||     1
Armor: Robe              |     2 |       |       ||     2
       Ring mail         |    24 |    19 |    35 ||    78
Dodge: Dodged            |    43 |    39 |    66 ||   148

Table legend:
 A = Non-vault XP
 B = Vault XP
 C = Vault XP percentage of total XP
 D = Non-vault monster count
 E = Vault monster count
 F = Vault count percentage of total count
                 A         B        C        D         E       F
            +---------+---------+-------+---------+---------+-------
      Total |     970 |     302 |  23.7 |      90 |       9 |   9.1
            +---------+---------+-------+---------+---------+-------
        D:1 |      36 |      12 |  25.0 |      21 |       6 |  22.2
        D:2 |      52 |       0 |   0.0 |      21 |       0 |   0.0
        D:3 |      59 |      59 |  50.0 |      10 |       2 |  16.7
        D:4 |     520 |     231 |  30.8 |      25 |       1 |   3.8
        D:5 |     303 |       0 |   0.0 |      13 |       0 |   0.0
            +---------+---------+-------+---------+---------+-------
